 Dungeon Crawl Stone Soup version 0.28-a0-1130-gc51a68064b (webtiles) character file.

Game seed: 6619256985892525337

2232 ReploidZero the Thaumaturge (level 9, 0/55 HPs)
             Began as a Djinni Fire Elementalist on Dec 12, 2021.
             Was a Follower of Nemelex Xobeh.
             Engulfed by a cloud of flame (7 damage)
             ... on level 6 of the Dungeon.
             The game lasted 00:26:35 (10329 turns).

ReploidZero the Thaumaturge (DjFE)                 Turns: 10329, Time: 00:26:36

Health: 0/55       AC:  7    Str:  7    XL:     9   Next: 62%
Gold:   206        EV: 27    Int: 22    God:    Nemelex Xobeh [*.....] SH:  0 Dex: 13

rFire   + + .      SeeInvis +   h - +4 flail (vorpal)
rCold   x . .      Faith    .   (no shield)
rNeg    . . .      Spirit   .   a - +1 robe
rPois   ∞          Reflect  .   (no helmet)
rElec   .          Harm     .   (no cloak)
rCorr   .          Rampage  .   (no gloves)
Will    .....                   (boots unavailable)
Stlth   ++........              l - amulet of the acrobat
HPRegen 0.18/turn               f - +4 ring of protection
MPRegen 0.00/turn               d - ring of see invisible

@: acrobatic, freezing walls, flying
A: sickness immunity, fire resistance 2, cold vulnerability 1, float, innate
caster, hp casting, extra vitality 1
a: Renounce Religion, Draw Escape, Draw Destruction, Draw Summoning


You were on level 6 of the Dungeon.
You worshipped Nemelex Xobeh.
Nemelex Xobeh was aware of your devotion.
You visited 2 branches of the dungeon, and saw 7 of its levels.

You collected 206 gold pieces.

Inventory:

Hand Weapons
 h - a +4 vorpal flail (weapon)
Missiles
 p - 2 throwing nets
Armour
 a - a +1 robe (worn)
 j - a +3 leather armour of cold resistance
Jewellery
 d - a ring of see invisible (right hand)
 f - a +4 ring of protection (left hand)
 i - a +4 ring of protection
 l - an amulet of the acrobat (around neck)
Wands
 m - a wand of digging (5)
Scrolls
 c - 2 scrolls of vulnerability
 u - a scroll of identify
Potions
 b - a potion of brilliance
 e - a potion of magic
 g - a potion of flight
 n - a potion of cancellation
 o - a potion of attraction
 q - a potion of heal wounds
 r - a potion of curing


   Skills:
 - Level 2.1 Dodging
 - Level 1.5 Stealth
 - Level 0.5 Unarmed Combat
 + Level 8.3 Spellcasting
 + Level 6.2 Invocations


You had 3 spell levels left.
You knew the following spells:

 Your Spells              Type           Power      Damage    Failure   Level
a - Foxfire               Conj/Fire      100%       2x1d9     1%          1
b - Scorch                Fire           92%        2d10      1%          2
c - Conjure Flame         Conj/Fire      46%        6-21      1%          3
d - Inner Flame           Hex/Fire       46%        N/A       1%          3
e - Flame Wave            Conj/Fire      46%        2d8       2%          4
f - Freeze                Ice            100%       1d11      1%          1
g - Ensorcelled Hibernat  Hex/Ice        92%        N/A       1%          2
h - Blink                 Tloc           92%        N/A       1%          2
i - Frozen Ramparts       Ice            92%        1d11      1%          3
Your spell library was empty.

Dungeon Overview and Level Annotations

Branches:
Dungeon (6/15)             Temple (1/1) D:5

Altars:
Ashenzari
Cheibriados
Dithmenos
Elyvilon
Fedhas
Gozag
Hepliaklqana
Kikubaaqudgha
Makhleb
Nemelex Xobeh
Okawaru
Ru
Sif Muna
Trog
Uskayaw
Vehumet
Wu Jian
Xom
Yredelemnul
Zin
The Shining One

Shops:
D:5 [


Innate Abilities, Weirdness & Mutations

You are immune to sickness and miasma.
You are immune to poison.
Your flesh is very heat resistant. (rF++)
You are vulnerable to cold. (rC-)
You float through the air rather than walking.
You learn spells naturally, not from books.
Your magical power is your life essence.
You have superior vitality. (+4 HP)


Message History

Press: ? - help, Dir - move target, f - gnoll
Aim: a gnoll, wielding a +0 club (chance to affect: 95%)
The gnoll is filled with an inner flame.
The gnoll sergeant drinks a potion.
The gnoll sergeant goes berserk!
Casting: Inner Flame (safe; 1% risk of failure)
Confirm with . or Enter, or press ? or * to list all spells.
Flames lash the gnoll sergeant.
The gnoll sergeant is moderately wounded.
The gnoll sergeant's fire resistance burns away.
The gnoll sergeant barely misses you. The gnoll hits you but does no damage.
Casting: Scorch (safe; 1% risk of failure)
Confirm with . or Enter, or press ? or * to list all spells.
Casting: Flame Wave (dangerous; 2% risk of failure)
Press: ? - help, Dir - look around, f - activate A wave of flame ripples out!
The flame wave engulfs the gnoll!
You kill the gnoll!
The flame wave engulfs the gnoll!
Flame seeps out of the gnoll.
The gnoll is heavily wounded. (Press . to intensify the flame waves.)
The gnoll sergeant barely misses you.
The gnoll is engulfed in blazing flames.
The gnoll explodes!
The fiery explosion engulfs the gnoll sergeant!!
The gnoll sergeant is burned terribly!
The gnoll sergeant is almost dead.
The fiery explosion engulfs you. You resist.
The gnoll sergeant hits you from afar with a +0 spear!
A wave of flame ripples out!
The flame wave engulfs the gnoll sergeant!
The gnoll sergeant is burned terribly!
You kill the gnoll sergeant!
You are engulfed in blazing flames.
You resist.
A wave of flame ripples out!
You finish channelling waves of flame.
You are engulfed in blazing flames.
You resist.
* * * LOW HITPOINT WARNING * * *
You are engulfed in blazing flames.
You resist.
* * * LOW HITPOINT WARNING * * *
You are engulfed in blazing flames.
You resist.
You die...
Your body disappears without a glow.

***,***,,,,,......#.......
*,.......*......:.#.......
*,.......#.,..#......v....
**,.........*#..(....§.....
*,,.........,...∩...§.v)...
*,,........##....##§..§....
****,,......§).#....##.<.))...
****,,,,,......))§......).()))...
,,,*,,,,,......§@§........##.)†..
,,**,,,,,...........<#....##)##.#
,,,*,**,,...........###..##....g.
,,,,,**,,.....$....##*#..........
,,,,,,,,,..........#,*##.........
,,,*,,,,*#..........,,,..........
,,,*,,,,,..[.........,,..........
,,,,**,,,............),,..###....
,,,,*,,*,*,,,,,,,,,,,,**..,*#....


There were no monsters in sight!

Vanquished Creatures
  Eustachio (D:5)
  Edmund (D:6)
  2 ogres (D:5)
  A necrophage (D:5)
  A centaur (D:6)
  A bullfrog (D:6)
  2 gnoll sergeants (D:6)
  A scorpion (D:5)
  2 wyvern skeletons
  3 water moccasin skeletons
  5 wights (D:6)
  2 centaur zombies (D:6)
  3 hounds
  A bullfrog skeleton (D:6)
  2 orc priests (D:4)
  Terence (D:2)
  4 iguanas
  Natasha (thrice) (D:2)
  5 orc wizards
  A hound skeleton (D:5)
  Robin (D:2)
  11 gnolls
  12 adders
  A white imp (D:5)
  An adder zombie (D:5)
  3 dart slugs
  13 orcs
  7 ball pythons
  10 bats
  4 endoplasms
  9 hobgoblins
  4 jackals (D:3)
  6 quokkas
  8 frilled lizards
  15 goblins
  6 kobolds
  4 rats
157 creatures vanquished.

Vanquished Creatures (collateral kills)
  A foxfire (D:1)
1 creature vanquished.

Vanquished Creatures (others)
  175 foxfires
175 creatures vanquished.

Grand Total: 333 creatures vanquished

Notes
Turn   | Place    | Note
-------+----------+-------------------------------------------
     0 | D:1      | ReploidZero the Djinni Fire Elementalist began the quest
                  | for the Orb.
     0 | D:1      | Reached XP level 1. HP: 15/15 MP: 0/0
   332 | D:1      | Reached XP level 2. HP: 12/21 MP: 0/0
   648 | D:1      | Found a faded altar of an unknown god.
   653 | D:1      | Reached skill level 3 in Spellcasting
   984 | D:1      | Reached XP level 3. HP: 18/25 MP: 0/0
   984 | D:1      | Learned a level 1 spell: Freeze
  2212 | D:2      | Noticed Natasha
  2215 | D:2      | Killed Natasha
  2216 | D:2      | Reached XP level 4. HP: 26/31 MP: 0/0
  2280 | D:2      | Noticed Terence
  2287 | D:2      | Killed Terence
  2288 | D:2      | Reached skill level 4 in Spellcasting
  2763 | D:2      | Reached XP level 5. HP: 33/35 MP: 0/0
  2763 | D:2      | Learned a level 2 spell: Ensorcelled Hibernation
  2801 | D:2      | Noticed Robin
  2804 | D:2      | Killed Robin
  2992 | D:2      | Found a broken altar of Ashenzari.
  3202 | D:2      | Noticed Natasha
  3208 | D:2      | Killed Natasha
  3975 | D:2      | Noticed Natasha
  3981 | D:2      | Killed Natasha
  4162 | D:3      | Reached XP level 6. HP: 29/40 MP: 0/0
  4677 | D:3      | Reached skill level 5 in Spellcasting
  5478 | D:4      | Reached XP level 7. HP: 33/45 MP: 0/0
  5478 | D:4      | Learned a level 2 spell: Blink
  6094 | D:4      | Reached skill level 6 in Spellcasting
  6115 | D:4      | HP: 2/45 [something/magic dart (4)]
  7027 | D:5      | Entered Level 5 of the Dungeon
  7103 | D:5      | Found a hazy altar of Hepliaklqana.
  7140 | D:5      | Found a staircase to the Ecumenical Temple.
  7164 | Temple   | Entered the Ecumenical Temple
  7726 | Temple   | Became a worshipper of Nemelex Xobeh the Trickster
  7751 | D:5      | Reached XP level 8. HP: 41/50 MP: 0/0
  7757 | D:5      | Reached skill level 1 in Invocations
  8141 | D:5      | Found Nekleaf's Antique Armour Boutique.
  8184 | D:5      | Reached skill level 7 in Spellcasting
  8997 | D:6      | Noticed Edmund
  9020 | D:6      | Noticed Eustachio
  9330 | D:5      | Killed Eustachio
  9331 | D:5      | Reached XP level 9. HP: 49/55 MP: 0/0
  9331 | D:5      | Learned a level 3 spell: Frozen Ramparts
  9425 | D:6      | Killed Edmund
  9582 | D:6      | Reached * piety under Nemelex Xobeh
  9598 | D:6      | Reached skill level 5 in Invocations
  9723 | D:6      | Reached skill level 8 in Spellcasting
 10329 | D:6      | Engulfed by a cloud of flame

Illustrated notes

Levels and vault maps discovered:
D:1:      tarquinn_simple_flora_water_d, layout_loops_ring,
          dreamdust_ecumenical_altar_hidden_monk_grotto, serial_aquarium,
          aquarium_bridge_island_small [aquarium_subvault_small_open,
          aquarium_subvault_window, aquarium_subvault_wall,
          aquarium_subvault_bridge, aquarium_subvault_window],
          aquarium_window_fake, aquarium_window_fake, aquarium_window_corner,
          aquarium_window_3, aquarium_view_2d
D:2:      layout_basic, basic_altar, uniq_terence, uniq_robin, uniq_natasha
D:3:      layout_loops_cross, kennysheep_generic_room_6
D:4:      layout_basic
D:5:      layout_rooms, worldfamousw_hep_ancestral_shrine,
          minmay_temple_entry_stoned_glass, serial_shops,
          nicolae_shop_waterfront, minivault_24
D:6:      layout_cave_pools, st_stairs_5, abandoned_shop, uniq_eustachio,
          uniq_edmund
Temple:   mainiacjoe_temple_big_plus

Skill      XL: |  1  2  3  4  5  6  7  8  9 |
---------------+----------------------------+-----
Spellcasting   | 3 4 5 6 7 8 |  8.3
Invocations    | 4 6 |  6.2
Dodging        | |  2.1
Stealth        | |  1.5
Unarmed Combat | |  0.5

Action                   |  1- 3 |  4- 6 |  7- 9 || total
-------------------------+-------+-------+-------++-------
Melee: Unarmed           |    16 |     3 |       ||    19
       Short sword       |       |    60 |     8 ||    68
       Trident           |       |       |    49 ||    49
       Flail             |       |       |    25 ||    25
 Cast: Foxfire           |    31 |    31 |    41 ||   103
       Scorch            |    22 |    28 |    35 ||    85
       Freeze            |     6 |     2 |     9 ||    17
       Flame Wave        |       |     4 |    10 ||    14
       Inner Flame       |       |       |    11 ||    11
       Blink             |       |       |     2 ||     2
       Frozen Ramparts   |       |       |     2 ||     2
  Use: Scroll            |       |     7 |    11 ||    18
       Potion            |       |       |     1 ||     1
 Stab: Sleeping          |       |     3 |     1 ||     4
Armor: Robe              |    11 |    18 |    61 ||    90
Dodge: Dodged            |    27 |    55 |   148 ||   230

Table legend: (Time is in decaauts)
 A = Elapsed time spent in this place.
 B = Non-inter-level travel time spent in this place.
 C = Inter-level travel time spent in this place.
 D = Time resting spent in this place.
 E = Time spent auto-exploring this place.
 F = Levels seen in this place.
 G = Mean time per level.
                   A        B        C        D        E       F      G
               +--------+--------+--------+--------+--------+-----+--------+
         Total |  10366 |   9528 |    838 |      0 |   8140 |   7 | 1480.9 |
       Dungeon |   9448 |   8631 |    817 |      0 |   7324 |   6 | 1574.7 |
        Temple |    918 |    897 |     21 |      0 |    816 |   1 |  918.0 |
               +--------+--------+--------+--------+--------+-----+--------+

Top non-repeatable levels by time:
     D:2: 2046 daAuts
     D:1: 1958 daAuts
     D:5: 1778 daAuts
     D:3: 1766 daAuts
     D:4: 1264 daAuts
  Temple: 918 daAuts
     D:6: 635 daAuts
